 Dungeon Crawl Stone Soup version 0.16.2-12-gd0ad4c3 (webtiles) character file.

55359 magipi the Champion of Chaos (level 14, 91/121 HPs)
             Began as a Ghoul Gladiator on Apr 9, 2016.
             Was the Champion of Makhleb.
             Quit the game on level 12 of the Dungeon on Apr 10, 2016.
             The game lasted 02:17:27 (17754 turns).

magipi the Champion of Chaos (Ghoul Gladiator)     Turns: 17754, Time: 02:17:27

Health: 91/121     AC: 24    Str: 20    XL:     14   Next: 77%
Magic:  28/28      EV: 10    Int:  6    God:    Makhleb [******]
Gold:   562        SH:  0    Dex: 10    Spells: 0 memorised, 13 levels left

rFire  . . .     SeeInvis +     d - +0 battleaxe
rCold  + . .     Clarity  .     N - +2 chain mail {MR+}
rNeg   + + +     SustAb   .     (no shield)
rPois  ∞         Gourm    .     W - +1 helmet
rElec  .         Spirit   .     S - +1 cloak (curse)
rCorr  .         Warding  .     z - +2 pair of gloves
rMut   .         Stasis   .     Z - +1 pair of boots
MR     +++..                    r - amulet of regeneration (curse)
Stlth  ..........               i - ring of see invisible
                                P - ring of protection from magic

@: rotting, extremely resistant to hostile enchantments, extremely unstealthy
A: rotting body, claws 1, carnivore 3, cold resistance 1, negative energy
resistance 3, poison resistance, slow healing 1, torment resistance, unbreathing
a: Minor Destruction, Lesser Servant of Makhleb, Major Destruction, Greater
Servant of Makhleb, Renounce Religion


You were on level 12 of the Dungeon.
You worshipped Makhleb.
Makhleb was exalted by your worship.
You were not hungry.

You visited 4 branches of the dungeon, and saw 25 of its levels.
You also visited: Ice Cave.

You collected 2302 gold pieces.
You spent 1740 gold pieces at shops.

Inventory:

Hand weapons
 a - a +3 hand axe of chopping
 b - a +2 blowgun
 d - a +0 battleaxe (weapon)
Missiles
 h - 40 poisoned needles
 v - 7 silver tomahawks (quivered)
 C - 2 javelins of penetration
 T - a throwing net
 Y - 5 javelins
Armour
 z - a +2 pair of gloves (worn)
 N - a +2 chain mail of magic resistance (worn)
 S - a cursed +1 cloak (worn)
 W - a +1 helmet (worn)
 Z - a +1 pair of boots (worn)
Jewellery
 c - an uncursed ring of protection from cold
 i - a ring of see invisible (right hand)
 n - an uncursed ring of invisibility
 r - a cursed amulet of regeneration (around neck)
 t - a cursed ring of teleportation
 P - a ring of protection from magic (left hand)
Magical devices
 k - a wand of magic darts (15)
 q - a wand of magic darts (10)
 s - a wand of confusion (10)
 M - a wand of polymorph (13)
 X - a wand of paralysis (11)
Scrolls
 g - 2 scrolls of magic mapping
 o - a scroll of summoning
 w - a scroll of remove curse
 y - a scroll of fear
 A - a scroll of identify
 E - 2 scrolls of recharging
 G - 2 scrolls of fog
 H - a scroll of vulnerability
 Q - 2 scrolls of teleportation
Potions
 e - 6 potions of restore abilities
 m - a potion of ambrosia
 x - 4 potions of curing
 B - 2 potions of agility
 D - 2 potions of heal wounds
 I - a potion of invisibility
 L - a potion of flight
 O - a potion of resistance
 U - a potion of cancellation
Books
 j - a Necronomicon {highlevel, unknown}

   This book is beyond your current level of understanding.

   Spells                             Type                      Level
   a - Haunt                          Necromancy/Summoning         7
   b - Borgnjor's Revivification      Necromancy                   8
   c - Death's Door                   Charms/Necromancy            8
   d - Necromutation                  Transmutation/Necromancy     8
 V - an Akashic Record {highlevel, unknown}

   This book is beyond your current level of understanding.

   Spells                             Type                      Level
   a - Dispersal                      Translocation                6
   b - Controlled Blink               Translocation                7
   c - Malign Gateway                 Summoning/Translocation      7
   d - Disjunction                    Translocation                8
   e - Singularity                    Translocation                9
Miscellaneous
 J - a fan of gales
Comestibles
 f - 9 meat rations
 l - 3 chunks of flesh
 p - 2 beef jerkies


   Skills:
 - Level 10.0 Fighting
 + Level 11.9 Axes
 - Level 1.7 Throwing
 + Level 10.0 Armour
 + Level 6.7 Dodging
 - Level 12.2 Invocations
 - Level 11.3 Evocations


You had 13 spell levels left.
You didn't know any spells.

Dungeon Overview and Level Annotations

Branches:
Dungeon (12/15)            Temple (1/1) D:6            Lair (8/8) D:10
  Swamp (0/5) Lair:6       Spider (0/5) Lair:3        Slime (0/6) Lair:8
    Orc (4/4) D:10
    Elf: Orc:3-4

Altars:
Ashenzari
Cheibriados
Dithmenos
Elyvilon
Fedhas
Gozag
Kikubaaqudgha
Makhleb
Nemelex Xobeh
Okawaru
Qazlal
Ru
Sif Muna
Trog
Vehumet
Xom
Yredelemnul
Zin
The Shining One
Beogh

Shops:
D:4 (   D:8 =(   D:9 !   D:10 ?   Orc:3 *   Orc:4 *:*(

Annotations:
Lair:4 fly, Rupert
Lair:5 exclusion: 4 oklob plants
Lair:6 exclusion: 2 upstairs


Innate Abilities, Weirdness & Mutations

Your body is rotting away.
You thrive on raw meat.
You have sharp fingernails.
You are carnivorous and can eat meat at any time.
Your flesh is cold resistant.
You are immune to negative energy.
Your system is resistant to poisons.
You heal slowly when monsters are visible.
You are immune to unholy pain and torment.
You can survive without breathing.

Vault maps used:
D:1:      minmay_arrival_glassed_features, lemuel_another_geyser
D:2:      overflow_temple_1_default, bloody_trog
D:3:      wad_crossroads, corexii_hall_statues_l
D:4:      serial_shops, nicolae_shop_crystal, uniq_grinder
D:5:      lemuel_upstairs_altar, first_bread
D:6:      lemuel_temple_firewalk
D:7:      overflow_temple_1_default, serial_glass, glass_columns_c,
          glass_columns_b, the_bakery
D:8:      serial_shops, shop, shop
D:9:      minitemple, serial_shops, shop
D:10:     erik_lair_orcish_takeover, hiddenorc1_lemuel, serial_shops,
          nicolae_shop_behind_doors
D:11:     basic_altar, grunt_tough_drop, uniq_psyche, uniq_erica
D:12:     minmay_guarded_unrand_curses
Temple:   eino_narrow_crystal_temple_b_12
Lair:1:   minivault_29, bh_autumn_forest_stairs
Lair:2:   minmay_stone_trees_small, infiniplex_staircase_pool
Lair:3:   spider_nest_entry_webs, grunt_forest_large_clearings,
          grunt_megastairs_3
Lair:4:   bobbens_dragon_lair_wall, serial_bayou_shore_a, grunt_megastairs_4,
          uniq_harold, uniq_rupert
Lair:5:   dpeg_oklob_gauntlet, portal_ice_cave_entry_ice_beasts,
          grunt_megastairs_2
Lair:6:   minmay_swamp_entry_reptiles, wad_woods_02
Lair:8:   grunt_lair_end_beastmaster, slime_dummy, st_stairs_9
Orc:3:    basic_altar, serial_shops, nicolae_shop_overgrown_old_shop,
          nicolae_orc_pool_cavern, uniq_josephine
Orc:4:    st_orc_mages, mines1_david, uniq_joseph
IceCv:    ice_cave_tombish


Message History

l - 4 chunks of flesh (gained 2)
You see here a black bear skeleton.
Eat one of 4 chunks of flesh? (ye/n/q/i?) This raw flesh tastes great!
You continue eating. x2
An orc warrior comes into view. It is wielding a battleaxe.
The orc warrior shouts! 2 orcs come into view.
An orc priest comes into view. It is wielding a short sword.
The orc shouts!
The orc priest shouts!
Unknown command.
You hit the orc warrior.
The orc warrior is lightly wounded.
The orc priest mumbles some strange prayers to Beogh against you.
Something smites you!
You hit the orc.
You kill the orc!
Makhleb accepts your kill.
You hit the orc warrior.
The orc warrior is lightly wounded.
The orc warrior hits you but does no damage.
You hit the orc.
The orc is heavily wounded.
You hit the orc warrior.
The orc warrior is moderately wounded.
The orc hits you but does no damage.
You slash the orc!
There is a sudden explosion of sparks!
You kill the orc!
Makhleb accepts your kill.
You feel a little better.
You hit the orc warrior but do no damage.
The orc warrior is moderately wounded.
The orc warrior hits you with a battleaxe.
You closely miss the orc warrior.
The orc warrior is moderately wounded.
You hit the orc priest.
The orc priest is lightly wounded.
The orc priest barely misses you.
Unknown command.
You hit the orc warrior but do no damage.
The orc warrior is moderately wounded.
You hit the orc priest.
The orc priest is moderately wounded.
The orc warrior hits you with a battleaxe.
Unknown command.
You hit the orc warrior.
The orc warrior is moderately wounded.
You hit the orc priest but do no damage.
The orc priest is moderately wounded.
The orc priest hits you but does no damage.
Unknown command.
You slash the orc warrior!
The orc warrior is heavily wounded.
You hit the orc priest.
There is a sudden explosion of sparks!
You kill the orc priest!
Makhleb accepts your kill.
You feel a little better.
The orc warrior hits you with a battleaxe.
Your chain mail prevents you from hitting the orc warrior.
The orc warrior is heavily wounded.
Unknown command.
Your chain mail prevents you from hitting the orc warrior.
The orc warrior is heavily wounded.
The orc warrior completely misses you.
Unknown command.
You hit the orc warrior but do no damage.
The orc warrior is heavily wounded.
Unknown command.
You hit the orc warrior.
The orc warrior is severely wounded.
The orc warrior hits you with a battleaxe!!
You hit the orc warrior but do no damage.
There is a sudden explosion of sparks!
You kill the orc warrior!
Makhleb accepts your kill.
You feel a little better.
Things that are here:
a battleaxe; a chain mail; an orc corpse You can't carry that many items.
Drop what? 52/52 slots (_ for help) (? for menu, Esc to quit)
You drop a wand of lightning (0).
You drop 3 tomahawks.
You drop a wand of random effects.
You drop a wand of confusion {zapped: 22}.
Things that are here:
a battleaxe; a chain mail; an orc corpse
d - a battleaxe
Items here: ))) [ †† Wield which item (- for none, * to show all)? (? for menu, Esc to quit)
Your +3 hand axe of electrocution stops crackling.
d - a +0 battleaxe (weapon)
Read which item? (? for menu, Esc to quit)
Brand which weapon? (? for menu, Esc to quit)
As you read the scroll of brand weapon, it crumbles to dust.
Your +3 hand axe of electrocution emits a brilliant flash of light!
a - a +3 hand axe of chopping Quiver which item? (- for none, * to show all) (? for menu, Esc to quit)
Okay, then.
Unknown command.
Are you sure you want to abandon this character and quit the game? (Confirm with "yes".)

.# #.# ## #.## .. #
##..##.. ## #...#..# J##
.# #...#..# ..#..##
#.....# ......## #.....#
.......#######.....##
.........../[)..@...#
.............#........#
.............##...##....
.............##..## #..
#............##### #
#..(....÷.....#
##.........#..#
#.........#..#
#####..#######


There were no monsters in sight!

Table legend:
 A = Kills in this place as a percentage of kills in entire the game.
 B = Kills by you in this place as a percentage of kills by you in the entire game.
 C = Kills by friends in this place as a percentage of kills by friends in the entire game.
 D = Other kills in this place as a percentage of other kills in the entire game.
 E = Experience gained in this place as a percentage of experience gained in the entire game.
 F = Experience gained in this place divided by the number of levels of this place that you have seen.
                   A       B       C       D       E      F
               +-------+-------+-------+-------+-------+----------------------
         Total | 100.0 | 100.0 | 100.0 | 100.0 | 100.0 | 3041.7
       Dungeon |  47.9 |  50.2 |   4.8 |  50.0 |  35.5 | 2337.9
          Lair |  28.9 |  28.3 |  38.1 |  50.0 |  53.8 | 5319.6
  Orcish Mines |  23.0 |  21.2 |  57.1 |   0.0 |   9.9 | 1961.2
      Ice Cave |   0.2 |   0.3 |   0.0 |   0.0 |   0.8 | 628.0
               +-------+-------+-------+-------+-------+----------------------

Vanquished Creatures
  Harold (Lair:4)
  Erica (D:11)
  2 death yaks (Lair:8)
  A skeletal warrior (D:11)
  3 hill giants
  An unseen horror (D:12)
  A manticore (D:11)
  10 elephants
  A cyclops (Orc:4)
  4 black mambas
  14 spiny frogs
  A torpor snail (Lair:3)
  Psyche (D:11)
  2 kobold demonologists (D:12)
  6 komodo dragons
  4 guardian mummies (D:12)
  3 fire drakes
  A red devil (D:12)
  2 polar bears
  7 trolls
  2 blue devils (IceCv)
  Grinder (D:4)
  5 blink frogs (Lair:7)
  A trapdoor spider zombie (D:10)
  4 slime creatures
  3 spriggans
  A wraith (Orc:3)
  2 basilisks
  A trapdoor spider (Lair:3)
  A deep elf mage (D:9)
  52 yaks
  5 hippogriffs
  2 wyverns
  2 mottled dragons
  A steam dragon (D:10)
  4 wargs
  4 vampire mosquitoes (D:12)
  10 wolves
  2 hungry ghosts
  2 soldier ants (Lair:1)
  18 orc warriors
  6 porcupines
  An eye of draining (D:11)
  13 water moccasins
  5 black bears
  3 sky beasts
  11 ice beasts
  10 ogres
  A phantom (D:10)
  6 centaurs
  13 crocodiles
  3 big kobolds
  2 boring beetles
  2 gnoll sergeants (D:10)
  A wyvern zombie (D:12)
  A brain worm (D:11)
  12 giant frogs
  14 killer bees
  2 scorpions
  A water moccasin skeleton (D:12)
  8 wights
  A quasit (D:11)
  A centaur zombie (D:9)
  33 orc priests
  5 hounds
  2 giant frog zombies
  2 jellies
  4 crimson imps
  2 giant frog skeletons
  2 goliath beetles
  A centaur skeleton (D:9)
  25 orc wizards
  16 iguanas
  7 hell rats
  17 worker ants
  16 sheep
  3 mummies (D:12)
  2 worker ant zombies
  17 gnolls
  2 hound skeletons
  18 adders
  18 river rats
  A worm (D:2)
  5 giant geckos
  3 oozes
  177 orcs
  12 bats
  A bat zombie (D:5)
  20 goblins
  18 hobgoblins
  17 jackals
  17 kobolds
  15 quokkas
  2 ball pythons
  A giant gecko skeleton (D:8)
  5 giant newts
  A giant spore (D:11)
  A quokka skeleton (D:9)
  12 rats
  A ballistomycete (D:11)
  3 fungi (Lair:8)
810 creatures vanquished.

Vanquished Creatures (collateral kills)
  A dire elephant (Lair:8)
  Josephine (Orc:3)
  A hydra (Lair:8)
  A catoblepas (Lair:8)
  3 death yaks (Lair:8)
  A deep troll shaman (Lair:8)
  An orc high priest (Orc:4)
  3 orc sorcerers (Orc:4)
  A griffon (Lair:8)
  Joseph (Orc:4)
  2 spiny frogs (Lair:8)
  A gargoyle (D:12)
  2 polar bears (Lair:8)
  A yak (D:12)
  3 wraiths (Orc:3)
  An orc warrior (Orc:4)
  5 orc priests (Orc:4)
  7 orc wizards (Orc:4)
  2 sheep (Lair:8)
  2 adders (Lair:8)
  2 orcs (Orc:4)
42 creatures vanquished.

Vanquished Creatures (others)
  An Executioner (Lair:8)
  3 killer bees (D:11)
  A shadow imp (D:6)
  8 fungi
  7 plants
20 creatures vanquished.

Grand Total: 872 creatures vanquished

Notes
Turn   | Place    | Note
--------------------------------------------------------------
     0 | D:1      | magipi, the Ghoul Gladiator, began the quest for the Orb.
     0 | D:1      | Reached XP level 1. HP: 17/17 MP: 1/1
   231 | D:1      | Reached skill level 3 in Axes
   294 | D:1      | Reached XP level 2. HP: 16/24 MP: 2/2
   656 | D:2      | Found a shimmering altar of Xom.
   683 | D:2      | Found a bloodstained altar of Trog.
   821 | D:2      | Reached XP level 3. HP: 29/29 MP: 3/3
   892 | D:3      | Reached skill level 4 in Axes
  1064 | D:3      | Reached XP level 4. HP: 33/35 MP: 3/3
  1438 | D:4      | Noticed an ogre
  1589 | D:3      | Reached skill level 5 in Axes
  1599 | D:3      | Reached XP level 5. HP: 32/39 MP: 4/4
  1879 | D:5      | Entered Level 5 of the Dungeon
  2021 | D:5      | Noticed a troll
  2108 | D:5      | Reached XP level 6. HP: 31/48 MP: 5/5
  2115 | D:5      | Reached skill level 6 in Axes
  2369 | D:4      | Got a spiked leather armour
  2438 | D:4      | Found Chyiczoga's Antique Weapon Shop.
  2447 | D:4      | Bought a glowing war axe for 94 gold pieces
  2465 | D:4      | Noticed Grinder
  2471 | D:4      | Paralysed by Grinder for 5 turns
  2490 | D:4      | Paralysed by Grinder for 6 turns
  2501 | D:4      | Paralysed by Grinder for 5 turns
  2514 | D:4      | Paralysed by Grinder for 6 turns
  2533 | D:4      | Killed Grinder
  2533 | D:4      | Reached skill level 7 in Axes
  2533 | D:4      | Reached XP level 7. HP: 43/54 MP: 5/5
  2701 | D:4      | Noticed a centaur
  2721 | D:4      | Killed a centaur
  2762 | D:4      | Reached skill level 8 in Axes
  2932 | D:5      | Noticed a sky beast
  2958 | D:4      | Bought a runed blowgun for 67 gold pieces
  3154 | D:5      | Killed a sky beast
  3154 | D:5      | Reached XP level 8. HP: 51/61 MP: 6/6
  3451 | D:6      | Got a blackened leather armour
  3537 | D:6      | Reached skill level 9 in Axes
  3777 | D:6      | Found a staircase to the Ecumenical Temple.
  3787 | Temple   | Entered the Ecumenical Temple
  3993 | D:5      | Noticed an ogre
  4117 | D:7      | Reached skill level 10 in Axes
  4183 | D:7      | Found a blossoming altar of Fedhas.
  4309 | D:7      | Reached XP level 9. HP: 67/67 MP: 7/7
  4365 | D:7      | Reached skill level 1 in Armour
  4902 | D:8      | Found Wuwomn's Jewellery Boutique.
  4949 | D:8      | Reached skill level 5 in Fighting
  5027 | D:8      | Found Mubrih's Weapon Boutique.
  5567 | D:8      | Reached XP level 10. HP: 53/84 MP: 7/7
  5604 | D:8      | Reached skill level 5 in Armour
  5694 | D:8      | Identified the +1 leather armour of Satisfaction {+Blink rC- MR+ Str+4} (You found it on level 4 of the Dungeon)
  5725 | D:8      | Identified the +0 leather armour of the Bagpipe {Str+5 Int-4} (You found it on level 6 of the Dungeon)
  6056 | D:9      | Noticed a hill giant
  6245 | D:9      | Found a burning altar of Makhleb.
  6245 | D:9      | Found a deep blue altar of Sif Muna.
  6246 | D:9      | Found a snail-covered altar of Cheibriados.
  6247 | D:9      | Found an ancient bone altar of Kikubaaqudgha.
  6254 | D:9      | Became a worshipper of Makhleb the Destroyer
  6434 | D:9      | Found Peen's Distillery.
  6446 | D:9      | Bought a potion of invisibility for 80 gold pieces
  6518 | D:10     | Entered Level 10 of the Dungeon
  6548 | D:10     | Acquired Makhleb's first power
  6662 | D:10     | Found a staircase to the Lair.
  6937 | D:10     | Found Miabouta's Magic Scroll Shop.
  6940 | D:10     | Bought a scroll of enchant weapon for 82 gold pieces
  7151 | D:10     | Reached XP level 11. HP: 33/97 MP: 8/8
  7159 | D:10     | Acquired Makhleb's second power
  7520 | D:10     | Found a staircase to the Orcish Mines.
  7532 | Orc:1    | Entered Level 1 of the Orcish Mines
  7714 | Orc:1    | Reached skill level 10 in Fighting
  7715 | Orc:1    | Acquired Makhleb's third power
  7789 | Orc:2    | Reached skill level 1 in Invocations
  7918 | Orc:3    | Found a radiant altar of Vehumet.
  7924 | Orc:3    | Reached skill level 1 in Evocations
  7958 | Orc:3    | Acquired Makhleb's fourth power
  8040 | Orc:3    | Found Sucw's Assorted Antiques.
  8051 | Orc:3    | Bought a brass wand for 108 gold pieces
  8051 | Orc:3    | Bought a glowing cyan potion for 24 gold pieces
  8051 | Orc:3    | Bought a scroll of identify for 54 gold pieces
  8051 | Orc:3    | Bought a murky grey potion for 24 gold pieces
  8380 | Orc:1    | Acquired Makhleb's fifth power
  8495 | Orc:3    | Bought a scroll of teleportation for 81 gold pieces
  8495 | Orc:3    | Bought a scroll of teleportation for 81 gold pieces
  8874 | Lair:1   | Entered Level 1 of the Lair of Beasts
  9365 | Lair:1   | Reached skill level 5 in Invocations
  9742 | Lair:2   | Reached skill level 5 in Evocations
  9958 | Lair:2   | Noticed a five-headed hydra
 10197 | Lair:3   | Found a hole to the Spider Nest.
 10213 | Lair:3   | Reached XP level 12. HP: 106/106 MP: 21/21
 11102 | Lair:4   | Noticed Rupert
 11207 | Lair:5   | Found a frozen archway.
 11312 | IceCv    | Entered an ice cave
 12047 | Lair:5   | Reached skill level 10 in Invocations
 12252 | Lair:6   | Reached XP level 13. HP: 91/113 MP: 24/25
 12400 | Lair:6   | Found a staircase to the Swamp.
 12648 | Lair:6   | Noticed a six-headed hydra
 13094 | D:11     | Reached skill level 10 in Evocations
 13107 | D:11     | Noticed Psyche
 13144 | D:11     | Killed Psyche
 13239 | D:11     | Noticed Erica
 13286 | D:9      | Killed a hill giant
 13286 | D:9      | Reached skill level 11 in Invocations
 13429 | D:8      | Bought an uncursed ring of protection from magic for 325 gold pieces
 13429 | D:8      | Bought an uncursed ring of see invisible for 195 gold pieces
 13556 | Orc:4    | Entered Level 4 of the Orcish Mines
 13809 | Orc:4    | Found a roughly hewn altar of Beogh.
 14015 | Orc:3    | Noticed Josephine
 14024 | Orc:3    | Killed Josephine
 14326 | Orc:4    | Found Fugeekus' Book Emporium.
 14326 | Orc:4    | Found Veuckutt's Assorted Antiques.
 14339 | Orc:4    | Found Diannea's General Store.
 14396 | Orc:4    | Found Rusot's Antique Weapon Shoppe.
 14413 | Orc:4    | Noticed Joseph
 14442 | Orc:4    | Killed Joseph
 14445 | Orc:4    | Bought a tourmaline ring for 140 gold pieces
 14452 | Orc:4    | Bought a runed war axe for 108 gold pieces
 14469 | Orc:4    | Bought a scroll of identify for 22 gold pieces
 14469 | Orc:4    | Bought a scroll of enchant weapon for 82 gold pieces
 14469 | Orc:4    | Bought a scroll of teleportation for 33 gold pieces
 14470 | Orc:4    | Bought a potion of heal wounds for 140 gold pieces
 14778 | Lair:4   | Noticed Harold
 14794 | Lair:4   | Killed Harold
 14958 | Lair:7   | Reached skill level 12 in Invocations
 15524 | Lair:8   | Entered Level 8 of the Lair of Beasts
 15683 | Lair:8   | Reached XP level 14. HP: 107/120 MP: 28/28
 15887 | Lair:8   | Noticed a dire elephant
 15893 | Lair:8   | Killed a dire elephant
 15966 | Lair:8   | Reached skill level 5 in Dodging
 15967 | Lair:8   | Found a staircase to the Slime Pits.
 16510 | D:11     | Killed Erica
 17088 | D:11     | Found a burning altar of Makhleb.
 17326 | D:12     | Noticed a reaper
 17326 | D:12     | Noticed a reaper
 17326 | D:12     | Noticed a reaper
 17326 | D:12     | Noticed a reaper
 17326 | D:12     | Noticed a reaper
 17603 | D:12     | Reached skill level 10 in Armour
 17754 | D:12     | Quit the game

Action                   |  1- 3 |  4- 6 |  7- 9 | 10-12 | 13-15 || total
-------------------------+-------+-------+-------+-------+-------++-------
Melee: War axe           |   157 |   228 |   399 |  1506 |   223 ||  2513
       Hand axe          |       |       |       |       |   859 ||   859
 Fire: Blowgun           |       |       |    30 |    26 |    14 ||    70
Throw: Throwing net      |       |     5 |     4 |     1 |       ||    10
       Tomahawk          |       |       |       |    13 |       ||    13
Invok: Greater Servant o |       |       |       |       |     5 ||     5
       Lesser Servant of |       |       |       |       |     5 ||     5
Evoke: Wand              |       |       |     6 |    22 |    11 ||    39
  Use: Scroll            |     5 |     5 |     8 |    12 |    12 ||    42
       Potion            |       |       |     3 |     8 |       ||    11
 Stab: Held in net/web   |       |     1 |     1 |       |       ||     2
       Invisible         |       |       |       |     1 |       ||     1
       Confused          |       |       |       |     6 |     9 ||    15
  Eat: Chunk             |     9 |    13 |    21 |    92 |    41 ||   176
       Royal jelly       |       |       |       |       |     1 ||     1
       Pizza             |       |       |       |       |     1 ||     1

Action                   |  1- 3 |  4- 6 |  7- 9 | 10-12 | 13-15 || total
-------------------------+-------+-------+-------+-------+-------++-------
Melee: War axe           |   157 |   228 |   399 |  1506 |   223 ||  2513
       Hand axe          |       |       |       |       |   859 ||   859
 Fire: Blowgun           |       |       |    30 |    26 |    14 ||    70
Throw: Throwing net      |       |     5 |     4 |     1 |       ||    10
       Tomahawk          |       |       |       |    13 |       ||    13
Invok: Greater Servant o |       |       |       |       |     5 ||     5
       Lesser Servant of |       |       |       |       |     5 ||     5
Evoke: Wand              |       |       |     6 |    22 |    11 ||    39
  Use: Scroll            |     5 |     5 |     8 |    12 |    12 ||    42
       Potion            |       |       |     3 |     8 |       ||    11
 Stab: Held in net/web   |       |     1 |     1 |       |       ||     2
       Invisible         |       |       |       |     1 |       ||     1
       Confused          |       |       |       |     6 |     9 ||    15
  Eat: Chunk             |     9 |    13 |    21 |    92 |    41 ||   176
       Royal jelly       |       |       |       |       |     1 ||     1
       Pizza             |       |       |       |       |     1 ||     1

Action                   |  1- 3 |  4- 6 |  7- 9 | 10-12 | 13-15 || total
-------------------------+-------+-------+-------+-------+-------++-------
Melee: War axe           |   157 |   228 |   399 |  1506 |   223 ||  2513
       Hand axe          |       |       |       |       |   859 ||   859
 Fire: Blowgun           |       |       |    30 |    26 |    14 ||    70
Throw: Throwing net      |       |     5 |     4 |     1 |       ||    10
       Tomahawk          |       |       |       |    13 |       ||    13
Invok: Greater Servant o |       |       |       |       |     5 ||     5
       Lesser Servant of |       |       |       |       |     5 ||     5
Evoke: Wand              |       |       |     6 |    22 |    11 ||    39
  Use: Scroll            |     5 |     5 |     8 |    12 |    12 ||    42
       Potion            |       |       |     3 |     8 |       ||    11
 Stab: Held in net/web   |       |     1 |     1 |       |       ||     2
       Invisible         |       |       |       |     1 |       ||     1
       Confused          |       |       |       |     6 |     9 ||    15
  Eat: Chunk             |     9 |    13 |    21 |    92 |    41 ||   176
       Royal jelly       |       |       |       |       |     1 ||     1
       Pizza             |       |       |       |       |     1 ||     1
